 Dungeon Crawl Stone Soup version 0.29.1-12-g30fa7ad0bf (webtiles) character file.

Game seed: 11499572332351015532

266 RapScallion the Chopper (level 6, -1/53 HPs)
             Began as a Hill Orc Fighter on Jan 18, 2023.
             Slain by a gnoll
             ... wielding a +0 spear
             ... led by a gnoll bouda
              (6 damage)
             ... on level 4 of the Dungeon.
             The game lasted 00:15:02 (3162 turns).

RapScallion the Chopper (Hill Orc Fighter)          Turns: 3162, Time: 00:15:02

Health: -1/53      AC: 11    Str: 21    XL:     6   Next: 20%
Magic:  6/6        EV: 10    Int:  8    God:
Gold:   144        SH:  0    Dex: 10    Spells: 5/5 levels left

rFire   + . .      SeeInvis .   s - +0 battleaxe
rCold   . . .      Faith    .   (shield currently unavailable)
rNeg    . . .      Spirit   .   b - +1 scale mail
rPois   .          Reflect  .   (no helmet)
rElec   .          Harm     .   (no cloak)
rCorr   .          Rampage  .   m - +2 pair of gloves
Will    .....                   (no boots)
Stlth   ..........              (no amulet)
HPRegen 0.17/turn               j - ring of protection from fire
MPRegen 0.10/turn               (no ring)

@: on berserk cooldown
A: no striking features
a: no special abilities


You were on level 4 of the Dungeon.
You visited 1 branch of the dungeon, and saw 4 of its levels.

You collected 209 gold pieces.
You spent 65 gold pieces at shops.

Inventory:

Hand Weapons
 a - a +0 war axe
 s - a +0 battleaxe (weapon)
Armour
 b - a +1 scale mail (worn)
 c - a +0 buckler
 m - a +2 pair of gloves (worn)
Jewellery
 j - a ring of protection from fire (left hand)
Wands
 n - a wand of iceblast (12)
Scrolls
 g - a scroll of teleportation
 h - 4 scrolls of identify
 i - a scroll of amnesia
 q - a scroll of silence
Potions
 d - a potion of might
 e - a potion of curing {unknown}
 f - a potion of berserk rage
 k - a potion of resistance
 l - 2 potions of lignification


   Skills:
 + Level 4.7 Fighting
 + Level 5.7 Axes
 + Level 4.4 Armour
 + Level 1.3 Dodging
 + Level 0.1 Stealth
 + Level 3.7 Shields


You had 5 spell levels left.
You didn't know any spells.
Your spell library contained the following spells:

 Spells                   Type           Power      Damage    Failure   Level
 Apportation              Tloc           0%         N/A       75%         1
 Necrotise                Necr           0%         1d4       75%         1
 Summon Small Mammal      Summ           0%         N/A       75%         1
 Poisonous Vapours        Pois/Air       0%         N/A       86%         2
 Call Canine Familiar     Summ           0%         N/A       98%         3
 Summon Guardian Golem    Hex/Summ       0%         N/A       98%         3
 Corpse Rot               Necr/Pois/Air  0%         N/A       100%        4


Dungeon Overview and Level Annotations

Branches:
Dungeon (4/15)
 Temple: D:4-7

Altars:
Gozag
Makhleb
Trog

Shops:
D:2 =   D:3 (


Message History

The gnoll bouda is almost dead.
The gnoll bouda hits you with a +0 club.
* * * LOW HITPOINT WARNING * * *
The gnoll hits you from afar with a +0 spear.
* * * LOW HITPOINT WARNING * * *
The gnoll bouda utters an invocation to its god.
The gnoll bouda is healed somewhat.
Unknown command.
You slash the gnoll bouda!
You kill the gnoll bouda!
The gnoll hits you from afar with a +0 spear.
* * * LOW HITPOINT WARNING * * *
Things that are here:
a +0 club; a +0 leather armour You feel a strong urge to attack something.
Your attacks no longer feel as feeble.
You feel your anger nearly subside.
You are no longer berserk.
You are exhausted.
You feel yourself slow down.
The gnoll is no longer moving quickly.
The gnoll misses you.
You see here a +0 club.
The gnoll attacks as you move away! The gnoll hits you but does no damage.
The gnoll hits you from afar with a +0 spear.
* * * LOW HITPOINT WARNING * * *
The gnoll closely misses you.
You see here 9 stones.
The gnoll hits you but does no damage. The gnoll hits you but does no damage.
The gnoll hits you but does no damage. The gnoll barely misses you.
You feel yourself speed up. The gnoll closely misses you. The gnoll misses you.
There is a stone staircase leading down here.
You slash the gnoll!
You kill the gnoll!
The gnoll hits you but does no damage.
You can't go up here!
Unknown command.
The gnoll hits you from afar with a +0 spear.
You die...

#####........#.#........#
#. #####......##.......#
#. ####..####......# #.
##.## ##....## #. ##..##
###### #. ##....## ####
##......## ##...
##........## ##....
#..@.......# #.....
##..).......# #.....
##...g.......# #.....
#............# #.....
#............# #.....
##...........# ##....
##..........# ##....
##.........# ##.....
##........###..#...


You could see a gnoll.

Vanquished Creatures
  A gnoll bouda (D:4)
  2 hounds (D:4)
  An iguana (D:4)
  5 gnolls (D:4)
  2 adders
  A worm (D:2)
  3 dart slugs
  3 ball pythons
  6 endoplasms
  4 giant cockroaches
  10 goblins
  8 hobgoblins
  4 jackals
  4 quokkas
  A bat (D:1)
  5 frilled lizards
  12 kobolds
  4 rats (D:1)
76 creatures vanquished.

Notes
Turn   | Place    | Note
-------+----------+-------------------------------------------
     0 | D:1      | RapScallion the Hill Orc Fighter began the quest for the
                  | Orb.
     0 | D:1      | Reached XP level 1. HP: 19/19 MP: 1/1
   135 | D:1      | Reached XP level 2. HP: 27/27 MP: 2/2
   477 | D:1      | Reached skill level 3 in Axes
   705 | D:2      | Reached XP level 3. HP: 18/33 MP: 3/3
  1093 | D:2      | Found a faded altar of an unknown god.
  1106 | D:2      | Found Kythich's Jewellery Shoppe.
  1547 | D:3      | Found a bloodstained altar of Trog.
  1554 | D:3      | Reached XP level 4. HP: 39/40 MP: 4/4
  1617 | D:3      | Found a burning altar of Makhleb.
  1844 | D:3      | Found Losecoel's Weapon Emporium.
  1949 | D:3      | Bought a +0 battleaxe for 65 gold pieces
  2052 | D:4      | Reached skill level 4 in Axes
  2167 | D:4      | Reached skill level 1 in Dodging
  2368 | D:4      | Found an opulent altar of Gozag.
  2386 | D:4      | Reached XP level 5. HP: 25/46 MP: 5/5
  2696 | D:4      | Reached skill level 5 in Axes
  3135 | D:4      | Reached XP level 6. HP: 13/53 MP: 6/6
  3136 | D:4      | HP: 2/79 [gnoll/+0 spear[a gnoll bouda] (5)]
  3147 | D:4      | HP: 1/53 [gnoll/+0 spear[a gnoll bouda] (2)]
  3162 | D:4      | Slain by a gnoll

Illustrated notes

Levels and vault maps discovered:
D:1:      ncdulo_smallfort, layout_basic, minmay_tromino_v2
D:2:      layout_basic, hellmonk_ecumenical_altar_heavens_door, serial_shops,
          shop
D:3:      layout_rooms, amcnicky_altar_gilded, lemuel_doored_altar,
          serial_shops, nicolae_diamond_shop
D:4:      minmay_goblin_kobold_castle, layout_cave_pods,
          mainiacjoe_overflow_six_doors_small, hangedman_abyss_or_decor_stagger

Skill      XL: |  1  2  3  4  5 |
---------------+----------------+-----
Axes           | 3 4 5 |  5.7
Armour         | 4 |  4.4
Dodging        | 1 |  1.3
Fighting       | 4 |  4.7
Stealth        | |  0.1
Shields        | |  3.7

Action                   |  1- 3 |  4- 6 || total
-------------------------+-------+-------++-------
Melee: War axe           |   145 |    12 ||   157
       Battleaxe         |       |    93 ||    93
  Use: Scroll            |       |    12 ||    12
       Potion            |       |     2 ||     2
Armor: Scale mail        |    69 |    86 ||   155
Dodge: Dodged            |    66 |    76 ||   142
Block: Buckler           |    27 |     5 ||    32
